 Dungeon Crawl Stone Soup version 0.27.1-1-g398f81649c (webtiles) character file.

Game seed: 7477208704595779106

2706 ABBCCCDDDD the Skirmisher (level 9, -7/62 HPs)
             Began as an Octopode Warper on Sept 9, 2021.
             Killed from afar by a steam dragon (17 damage)
             ... with a ball of steam
             ... on level 6 of the Dungeon.
             The game lasted 00:18:01 (10555 turns).

ABBCCCDDDD the Skirmisher (Octopode Warper)        Turns: 10555, Time: 00:18:02

Health: -7/62      AC:  1    Str: 10    XL:     9   Next: 65%
Magic:  15/15      EV: 18    Int: 19    God:
Gold:   297        SH:  0    Dex: 11    Spells: 8/16 levels left

rFire    . . .     SeeInvis .     - Unarmed
rCold    . . .     Faith    .   (no shield)
rNeg     . . .     Spirit   .   (helmet restricted)
rPois    .         Reflect  +   w - amulet of reflection
rElec    .         Harm     .   o - +4 ring of evasion
rCorr    .         Rampage  .   (no ring)
Will     .....                  (no ring)
Stlth    ++........             (no ring)
HPRegen  0.20/turn              (no ring)
MPRegen  0.14/turn              (no ring)
                                (no ring)
                                (no ring)

@: confused, mighty, ambrosia-drunk
A: almost no armour, amphibious, 8 rings, camouflage 1, gelatinous body 1,
(nimble swimmer 1), tentacles
a: no special abilities


You were on level 6 of the Dungeon.
You visited 1 branch of the dungeon, and saw 7 of its levels.

You collected 297 gold pieces.

Inventory:

Hand Weapons
 s - a +6 vorpal falchion
Missiles
 a - 2 boomerangs (quivered)
 f - a poisoned dart
 v - a throwing net
Armour
 j - a +0 kite shield
Jewellery
 o - a +4 ring of evasion (left tentacle)
 w - an amulet of reflection (around mantle)
Wands
 b - a wand of flame (9)
Scrolls
 c - 2 scrolls of identify
 e - 2 scrolls of enchant armour
 i - 3 scrolls of fear
 l - 2 scrolls of silence {unknown}
 r - a scroll of teleportation
 t - 3 scrolls of enchant weapon {unknown}
 u - a scroll of magic mapping {unknown}
 y - a scroll of holy word {unknown}
Potions
 d - 2 potions of brilliance {unknown}
 g - a potion of haste
 h - a potion of curing
 k - a potion of attraction
 m - a potion of might
 n - a potion of ambrosia
 p - a potion of degeneration {unknown}
 q - a potion of lignification {unknown}
 x - a potion of magic {unknown}
 z - a potion of mutation {unknown}
 A - a potion of flight {unknown}


   Skills:
 - Level 6.0 Fighting
 - Level 1.0 Throwing
 - Level 3.8 Dodging
 - Level 5.0 Stealth
 - Level 5.4 Unarmed Combat
 - Level 4.0 Spellcasting
 - Level 3.0 Translocations
 + Level 5.1 Transmutations
 + Level 5.0 Earth Magic
 + Level 4.0 Evocations


You had 8 spell levels left.
You knew the following spells:

 Your Spells              Type           Power      Damage    Failure   Level
a - Blink                 Tloc           N/A        N/A       6%          2
b - Statue Form           Tmut/Erth      15%        N/A       95%         6

Your spell library contained the following spells:

 Spells                   Type           Power      Damage    Failure   Level
 Passwall                 Tmut/Erth      19%        N/A       2%          2
 Wereblood                Tmut           23%        N/A       2%          2
 Gell's Gravitas          Tloc           7%         N/A       12%         3
 Lesser Beckoning         Tloc           7%         N/A       12%         3
 Teleport Other           Tloc           15%        N/A       12%         3
 Summon Small Mammal      Summ           12%        N/A       14%         1
 Corpse Rot               Necr/Air       N/A        N/A       21%         2
 Call Canine Familiar     Summ           3%         N/A       38%         3
 Summon Guardian Golem    Hex/Summ       3%         N/A       38%         3
 Lee's Rapid Deconstruct  Erth           11%        3d9*      43%         5
 Manifold Assault         Tloc           15%        N/A       73%         5
 Dispel Undead            Necr           3%         3d7       80%         4
 Death Channel            Necr           1%         N/A       100%        6
 Necromutation            Tmut/Necr      6%         N/A       100%        8
 Chain Lightning          Conj/Air       1%         3d2       100%        9
 Fire Storm               Conj/Fire      1%         8d1       100%        9


Dungeon Overview and Level Annotations

Branches:
Dungeon (7/15)
 Temple: D:4-7

Altars:
Elyvilon
Hepliaklqana
Kikubaaqudgha
Sif Muna
Zin

Shops:
D:5 [

Annotations:
D:6 exclusion: 2 downstairs, Blork the orc
D:7 Menkaure


Innate Abilities, Weirdness & Mutations

You cannot wear most types of armour.
You are amphibious.
You can wear up to eight rings at the same time.
Your skin changes colour to match your surroundings (Stealth+).
Your rubbery body absorbs attacks. (AC +1, EV +1)
((You are camouflaged near water. (Stealth+)))
You have tentacles for arms and can constrict up to eight enemies at once.


Message History

The steam dragon claws you but does no damage.
You closely miss the steam dragon.
The steam dragon is lightly wounded.
You block the steam dragon's attack. The steam dragon completely misses you.
You closely miss the steam dragon.
The steam dragon is lightly wounded.
You tentacle-slap the steam dragon.
The steam dragon is lightly wounded.
You block the steam dragon's attack. The steam dragon claws you.
You barely miss the steam dragon. You squeeze the steam dragon.
The steam dragon is lightly wounded.
The steam dragon breathes steam at you. The ball of steam misses you.
You tentacle-slap the steam dragon.
The steam dragon is moderately wounded.
The steam dragon closely misses you. The steam dragon barely misses you.
You tentacle-slap the steam dragon but do no damage.
The steam dragon is moderately wounded.
The steam dragon bites you.
The steam dragon claws you but does no damage.
It was a potion of might.
You feel very mighty all of a sudden. The steam dragon bites you.
The steam dragon barely misses you.
You tentacle-slap the steam dragon.
The steam dragon is heavily wounded.
The steam dragon breathes steam at you. The ball of steam hits you!!
* * * LOW HITPOINT WARNING * * *
You block the steam dragon's attack. The steam dragon completely misses you.
You feel better. You block the steam dragon's attack.
The steam dragon claws you.
* * * LOW HITPOINT WARNING * * *
It was a potion of ambrosia.
You are confused.
You feel invigorated. The steam dragon bites you!
* * * LOW HITPOINT WARNING * * *
The steam dragon misses you. The steam dragon breathes steam at you.
The ball of steam hits you!
You die...

.#............#.....#....#
.'............#.....#....#
.#............#.....#....#
.#............#.....#....#
##......###.>#####+##...##
##......###..###...##(..##
........#.....'.....#....#
........#.....#.....#....#
........#.....#.@...#....#
........'.....#..D..#....#
........#.....#.>...+....#
##...##.##.#..#[.#..#.#..#
##...##.##)###############
............#
............#
............#
............#


You could see a steam dragon (catching breath).

Levels and vault maps discovered:
D:1:      dpeg_arrival_fog, layout_loops_ring
D:2:      layout_basic, hellmonk_ecumenical_altar_heavens_door, uniq_sigmund,
          uniq_jessica
D:3:      layout_basic, minmay_ruptured
D:4:      minmay_evil_eye, layout_basic, zin_treasury, elyvilon_altar_5,
          lemuel_zombie_altar_kikubaaqudgha, minmay_temple_entry_from_below_b
D:5:      layout_basic, lemuel_crystal_altar, serial_shops,
          nicolae_shop_behind_doors, minmay_misc_feat_enclosed,
          water_boxes_lemuel, uniq_eustachio, uniq_ijyb
D:6:      layout_gridville, kennysheep_mini, uniq_blork_the_orc,
          uniq_prince_ribbit1
D:7:      layout_cave_pools, gammafunk_ghost_cemetery, grunt_ministairs_12,
          minmay_shattered_shrine, uniq_duvessa, uniq_menkaure

Notes
Turn   | Place    | Note
-------+----------+-------------------------------------------
     0 | D:1      | ABBCCCDDDD the Octopode Warper began the quest for the Orb.
     0 | D:1      | Reached XP level 1. HP: 14/14 MP: 3/3
   151 | D:1      | Reached XP level 2. HP: 17/19 MP: 5/5
   621 | D:1      | Reached XP level 3. HP: 19/25 MP: 6/6
  1417 | D:2      | Noticed a scorpion
  1609 | D:2      | Noticed Jessica
  1618 | D:2      | Killed Jessica
  1619 | D:2      | Reached skill level 3 in Fighting
  1619 | D:2      | Reached XP level 4. HP: 19/31 MP: 7/7
  1886 | D:2      | Reached XP level 5. HP: 24/36 MP: 8/8
  2098 | D:2      | Noticed Sigmund
  3114 | D:3      | Learned a level 2 spell: Blink
  3157 | D:4      | Reached skill level 4 in Fighting
  3157 | D:4      | Reached XP level 6. HP: 32/43 MP: 9/9
  3353 | D:4      | Found an ancient bone altar of Kikubaaqudgha.
  3392 | D:4      | Identified the +0 leather armour of Zin's Regard {+Blink
                  | Will+}
  3423 | D:4      | Identified a scroll of acquirement
  3424 | D:4      | Acquired Sif Muna's Catalogue of Mutagenic Clay
  3433 | D:4      | Learned a level 6 spell: Statue Form
  3565 | D:4      | Found a white marble altar of Elyvilon.
  3963 | D:4      | Found a glowing silver altar of Zin.
  4183 | D:5      | Entered Level 5 of the Dungeon
  4299 | D:5      | Noticed Ijyb
  4616 | D:5      | Killed Ijyb
  4619 | D:5      | Reached skill level 1 in Transmutations
  4635 | D:5      | Reached skill level 1 in Earth Magic
  4713 | D:5      | Noticed Eustachio
  4729 | D:5      | Killed Eustachio
  4730 | D:5      | Reached XP level 7. HP: 40/49 MP: 9/11
  4806 | D:5      | Found a shimmering blue altar of Sif Muna.
  5164 | D:5      | Reached skill level 5 in Unarmed Combat
  5233 | D:5      | Reached skill level 5 in Fighting
  5233 | D:5      | Reached XP level 8. HP: 55/55 MP: 12/12
  5314 | D:5      | Found Hoecsuju's Armour Shop.
  6340 | D:5      | Reached skill level 1 in Stealth
  6609 | D:6      | Reached skill level 1 in Evocations
  6649 | D:6      | Noticed Blork the orc
  6821 | D:6      | Found a hazy altar of Hepliaklqana.
  7301 | D:7      | Noticed Menkaure
  7577 | D:6      | Reached XP level 9. HP: 62/62 MP: 15/15
  7957 | D:6      | Noticed Prince Ribbit
  7990 | D:6      | Killed Prince Ribbit
  7991 | D:6      | Reached skill level 6 in Fighting
  9393 | D:2      | Killed Sigmund
  9536 | D:2      | Found a faded altar of an unknown god.
 10017 | D:7      | Reached skill level 5 in Stealth
 10095 | D:7      | Reached skill level 5 in Transmutations
 10472 | D:7      | Noticed a five-headed hydra
 10523 | D:6      | Reached skill level 5 in Earth Magic
 10555 | D:6      | Killed from afar by a steam dragon

Table legend: (Time is in decaauts)
 A = Elapsed time spent in this place.
 B = Non-inter-level travel time spent in this place.
 C = Inter-level travel time spent in this place.
 D = Time resting spent in this place.
 E = Time spent auto-exploring this place.
 F = Levels seen in this place.
 G = Mean time per level.
                   A        B        C        D        E       F      G
               +--------+--------+--------+--------+--------+-----+--------+
         Total |  10519 |   9622 |    897 |   2982 |   4807 |   7 | 1502.7 |
       Dungeon |  10519 |   9622 |    897 |   2982 |   4807 |   7 | 1502.7 |
               +--------+--------+--------+--------+--------+-----+--------+

Top non-repeatable levels by time:
     D:6: 2647 daAuts
     D:5: 2180 daAuts
     D:2: 1655 daAuts
     D:4: 1546 daAuts
     D:1: 1222 daAuts
     D:3: 1016 daAuts
     D:7: 251 daAuts

Table legend:
 A = Kills in this place as a percentage of kills in entire the game.
 B = Kills by you in this place as a percentage of kills by you in the entire game.
 C = Kills by friends in this place as a percentage of kills by friends in the entire game.
 D = Other kills in this place as a percentage of other kills in the entire game.
 E = Experience gained in this place as a percentage of experience gained in the entire game.
 F = Experience gained in this place divided by the number of levels of this place that you have seen.
                   A       B       C       D       E      F
               +-------+-------+-------+-------+-------+----------------------
         Total | 100.0 | 100.0 | 100.0 |   N/A | 100.0 | 552.3
       Dungeon | 100.0 | 100.0 | 100.0 |   N/A | 100.0 | 552.3
               +-------+-------+-------+-------+-------+----------------------

Action                   |  1- 3 |  4- 6 |  7- 9 || total
-------------------------+-------+-------+-------++-------
Melee: Unarmed           |    74 |   155 |   241 ||   470
       Constrict         |    26 |    35 |    36 ||    97
       Tentacles         |    16 |    27 |    52 ||    95
       Punch             |       |       |    11 ||    11
Throw: Dart              |       |    17 |    37 ||    54
       Boomerang         |       |     5 |     7 ||    12
 Cast: Blink             |       |       |     1 ||     1
Evoke: Wand              |       |     2 |    10 ||    12
  Use: Scroll            |       |     9 |     2 ||    11
       Potion            |       |       |     7 ||     7
 Stab: Sleeping          |     7 |     4 |     8 ||    19
       Distracted        |       |     1 |     1 ||     2
Armor: Skin              |     4 |    11 |    12 ||    27
Dodge: Dodged            |    43 |   101 |   151 ||   295
Block: Other             |       |       |    34 ||    34
       Reflection        |       |       |     1 ||     1

Vanquished Creatures
  Prince Ribbit (D:6)
  Eustachio (D:5)
  Sigmund (D:2)
  A steam dragon (D:7)
  A black bear (D:5)
  An orc warrior (D:6)
  An ice beast (D:6)
  6 ogres
  A centaur (D:7)
  A phantom (D:5)
  2 kobold brigands
  2 scorpions
  2 water moccasin zombies
  A wyvern skeleton (D:6)
  A killer bee (D:7)
  2 howler monkeys (D:7)
  2 hounds
  A bullfrog zombie (D:6)
  2 orc priests (D:6)
  2 jellies
  Jessica (D:2)
  An iguana (D:5)
  2 orc wizards (D:6)
  A hound skeleton (D:4)
  4 gnolls (D:2)
  A howler monkey skeleton (D:4)
  6 adders
  2 white imps
  An ufetubus (D:5)
  2 worms
  8 dart slugs
  9 orcs
  2 bat zombies (D:4)
  6 endoplasms
  3 giant cockroaches
  13 goblins
  8 hobgoblins
  12 kobolds
  6 quokkas
  7 ball pythons
  6 bats
  4 frilled lizards
  3 rats
  A rat zombie (D:4)
141 creatures vanquished.

Vanquished Creatures (collateral kills)
  A scorpion (D:5)
  A jelly (D:5)
  An orc priest (D:5)
  Ijyb (D:5)
4 creatures vanquished.

Vanquished Creatures (others)
  4 fungi (D:5)
  9 plants (D:7)
13 creatures vanquished.

Grand Total: 158 creatures vanquished
